 Dungeon Crawl Stone Soup version 0.27-a0-1184-ge86db4a01e (webtiles) character file.

Game seed: 15631713497368486542

13 ZappyNine the Magician (level 2, -1/16 HPs)
             Began as a Deep Elf Hedge Wizard on May 18, 2021.
             Slain by Sigmund
             ... wielding a +0 scythe
              (7 damage)
             ... on level 2 of the Dungeon.
             The game lasted 00:01:32 (1173 turns).

ZappyNine the Magician (Deep Elf Hedge Wizard)      Turns: 1173, Time: 00:01:33

Health: -1/16      AC:  3    Str: 13    XL:     2   Next: 24%
Magic:  7/9        EV: 12    Int: 18    God:
Gold:   29         SH:  0    Dex: 14    Spells: 7/10 levels left

rFire    . . .     SeeInvis .   a - +0 dagger
rCold    . . .     Faith    .   (no shield)
rNeg     . . .     Spirit   .   b - +0 robe
rPois    .         Reflect  .   c - +0 hat
rElec    .         Harm     .   (no cloak)
rCorr    .         Rampage  .   e - +0 pair of gloves
Will     .....                  (no boots)
Stlth    ++........             (no amulet)
HPRegen  0.05/turn              d - +6 ring of strength
MPRegen  0.11/turn              (no ring)

@: no status effects
A: no striking features
a: no special abilities


You were on level 2 of the Dungeon.
You visited 1 branch of the dungeon, and saw 2 of its levels.

You collected 29 gold pieces.

Inventory:

Hand Weapons
 a - a +0 dagger (weapon)
Armour
 b - a +0 robe (worn)
 c - a +0 hat (worn)
 e - a +0 pair of gloves (worn)
Jewellery
 d - a +6 ring of strength (left hand)
Scrolls
 f - a scroll of identify {unknown}
 g - a scroll of enchant weapon {unknown}


   Skills:
 + Level 1.3 Fighting
 - Level 2.4 Dodging
 - Level 2.4 Stealth
 - Level 4.6 Spellcasting
 - Level 1.1 Conjurations
 - Level 1.1 Summonings
 - Level 1.1 Translocations


You had 7 spell levels left.
You knew the following spells:

 Your Spells              Type           Power      Damage    Failure   Level
a - Magic Dart            Conj           32%        1d4       9%          1
b - Call Imp              Summ           8%         N/A       13%         2

Your spell library contained the following spells:

 Spells                   Type           Power      Damage    Failure   Level
 Blink                    Tloc           N/A        N/A       13%         2
 Slow                     Hex            4%         N/A       22%         2
 Conjure Flame            Conj/Fire      6%         6-21      32%         3
 Mephitic Cloud           Conj/Pois/Air  5%         N/A       34%         3


Dungeon Overview and Level Annotations

Branches:
Dungeon (2/15)

Altars:

Annotations:
D:2 Sigmund


Message History

Sigmund casts a spell at you. The magic dart hits your crimson imp.
Sigmund misses your crimson imp.
Your crimson imp closely misses Sigmund.
There is a stone staircase leading up here.
Sigmund barely misses your crimson imp.
Your crimson imp hits Sigmund.
You aren't carrying any potions.
Sigmund gestures at himself while chanting.
Sigmund flickers and vanishes!
Deactivating autopickup; reactivate with Ctrl-A.
Your crimson imp hits something but does no damage.
There is a stone staircase leading up here.
Your crimson imp blinks!
You swap places.
Your crimson imp barely misses something.
Your crimson imp easily resists.
What are your orders? t - Shout!
Orders for allies: a - Attack new target. r - Retreat! s - Stop attacking. g - Guard the area. f - Follow me.
Anything else - Cancel.
Guard this area!
Your crimson imp misses something.
An endoplasm comes into view.
You hit the endoplasm.
The endoplasm is moderately wounded.
The endoplasm freezes you.
You are frozen.
You hit the endoplasm.
The endoplasm is severely wounded.
The endoplasm completely misses you. Something hits you.
You hit the endoplasm but do no damage.
The endoplasm is severely wounded.
The endoplasm barely misses you.
Your crimson imp blinks!
Something hits you!
You hit the endoplasm.
You kill the endoplasm!
Something hits you!
You die...

####################
#.....<.....5.{5@..#
#.################.#
#.# # >.# ###


You could see 2 friendly crimson imps.

Vanquished Creatures
  An endoplasm (D:2)
  3 jackals (D:1)
  4 ball pythons (D:1)
  A frilled lizard (D:1)
  4 goblins (D:1)
  A kobold (D:1)
14 creatures vanquished.

Notes
Turn   | Place    | Note
-------+----------+-------------------------------------------
     0 | D:1      | ZappyNine the Deep Elf Hedge Wizard began the quest for the
                  | Orb.
     0 | D:1      | Reached XP level 1. HP: 10/10 MP: 7/7
   412 | D:1      | Reached skill level 1 in Fighting
   412 | D:1      | Reached XP level 2. HP: 16/16 MP: 6/9
   574 | D:1      | Found a faded altar of an unknown god.
   769 | D:1      | Learned a level 2 spell: Call Imp
  1145 | D:2      | Noticed Sigmund
  1173 | D:2      | Slain by Sigmund

Illustrated notes

Levels and vault maps discovered:
D:1:      zelgadis_glass_arrival_small, layout_basic,
          hellmonk_ecumenical_altar_crossroads
D:2:      layout_loops_ring, uniq_sigmund

Skill      XL: |  1 |
---------------+----+-----
Fighting       | 1 |  1.3
Dodging        | |  2.4
Stealth        | |  2.4
Spellcasting   | |  4.6
Conjurations   | |  1.1
Summonings     | |  1.1
Translocations | |  1.1

Action                   || total
-------------------------++-------
Melee: Dagger            ||    22
 Cast: Magic Dart        ||    18
       Call Imp          ||     2
 Stab: Sleeping          ||     1
Armor: Robe              ||     2
Dodge: Dodged            ||    14

Table legend: (Time is in decaauts)
 A = Elapsed time spent in this place.
 B = Non-inter-level travel time spent in this place.
 C = Inter-level travel time spent in this place.
 D = Time resting spent in this place.
 E = Time spent auto-exploring this place.
 F = Levels seen in this place.
 G = Mean time per level.
                   A        B        C        D        E       F      G
               +--------+--------+--------+--------+--------+-----+--------+
         Total |   1172 |   1164 |      8 |    307 |    737 |   2 |  586.0 |
       Dungeon |   1172 |   1164 |      8 |    307 |    737 |   2 |  586.0 |
               +--------+--------+--------+--------+--------+-----+--------+

Top non-repeatable levels by time:
     D:1: 1137 daAuts
     D:2: 34 daAuts
